 Dungeon Crawl Stone Soup version 0.31.0-12-g77e489cdc1 (webtiles) character file.

Game seed: 15154929045277680865

71 wildpjah the Trooper (level 4, 0/35 HPs)
             Began as a Demonspawn Berserker on Feb 13, 2024.
             Was a Believer of Trog.
             Slain by a gnoll
             ... wielding a +0 spear
              (3 damage)
             ... on level 3 of the Dungeon.
             The game lasted 00:02:19 (1317 turns).

wildpjah the Trooper (Demonspawn Berserker)         Turns: 1317, Time: 00:02:19

Health: 0/35       AC:  5    Str: 19    XL:     4   Next: 5%
Magic:  4/4        EV: 11    Int:  8    God:    Trog [**....]
Gold:   67         SH:  0    Dex: 12    Spells: 3/3 levels left

rFire   . . .        a - +0 hand axe
rCold   . . .        (no shield)
rNeg    . . .        h - +0 ring mail
rPois   .            (no helmet)
rElec   .            (no cloak)
rCorr   .            (no gloves)
SInv    .            (no boots)
Will    .....        (no amulet)
Stlth   +            (no ring)
HPRegen 0.25/turn    (no ring)
MPRegen 0.09/turn

%: no passive effects
@: on berserk cooldown, slowed, very slow
A: hooves 1, spiny 1
a: Renounce Religion, Berserk, Trog's Hand


You were on level 3 of the Dungeon.
You worshipped Trog.
Trog was pleased with you.
You visited 1 branch of the dungeon, and saw 3 of its levels.

You collected 67 gold pieces.

Inventory:

Hand Weapons
 a - a +0 hand axe (weapon)
Missiles
 p - 3 poisoned darts (quivered)
Armour
 b - a +0 animal skin
 h - a +0 ring mail (worn)
Scrolls
 c - a scroll of immolation {unknown}
 f - a scroll of enchant armour {unknown}
 g - a scroll of blinking {unknown}
 i - 3 scrolls of identify {unknown}
 j - 2 scrolls of teleportation {unknown}
 m - a scroll of fear {unknown}
 o - 3 scrolls of revelation {unknown}
Potions
 d - a potion of degeneration {unknown}
 e - 2 potions of enlightenment {unknown}
 k - a potion of resistance {unknown}
 l - a potion of curing {unknown}
 n - 2 potions of lignification {unknown}


   Skills:
 + Level 3.5 Fighting
 + Level 3.5 Axes
 + Level 2.0 Armour
 + Level 2.4 Dodging
 + Level 0.1 Stealth


You had 3 spell levels left.
You didn't know any spells.
Your spell library was empty.

Dungeon Overview and Level Annotations

Branches:
Dungeon (3/15)

Altars:
Gozag


Innate Abilities, Weirdness & Mutations

You have large cloven feet.
You are partially covered in sharp spines.


Message History

The gnoll throws a throwing net.
The throwing net hits you.
You become entangled in the net!
A gnoll comes into view. It is wielding a +0 spear.
You see here a throwing net.
You are held in a net!
You are held in a net!
You are held in a net!
You are held in a net!
Unknown command.
You struggle against the net.
You tear a large gash into the net.
You rip the net and break free!
You closely miss the rat. Your kick misses the rat.
The gnoll hits you from afar with a +0 halberd!
The rat is struck by your spines.
You kill the rat!
Trog accepts your kill.
A red film seems to cover your vision as you go berserk!
You feel yourself moving faster!
You feel mighty!
The gnoll throws a throwing net.
The throwing net hits you.
You become entangled in the net!
The gnoll hits you from afar with a +0 spear.
You struggle against the net.
You feel a strong urge to attack something.
The gnoll hits you from afar with a +0 halberd!
The gnoll hits you but does no damage.
You struggle against the net.
The gnoll hits you from afar with a +0 halberd!
* * * LOW HITPOINT WARNING * * *
The gnoll hits you from afar with a +0 spear.
* * * LOW HITPOINT WARNING * * *
You shred the net and break free!
You feel your anger nearly subside.
You are no longer berserk.
You are exhausted.
You feel yourself slow down. The gnoll closely misses you.
The gnoll is struck by your spines. The gnoll hits you with a +0 spear.
* * * LOW HITPOINT WARNING * * *
The gnoll barely misses you. The gnoll hits you with a +0 spear.
You die...

##.#.###.# #.#.# #.#
##+# #...# #.# ##...#
#.### #.# ##.....##
##.#####.# #$......##
##........#
.........####...########
.........).......†......
......g@........###.####
#..####.####.#..# .g..
#.##.# #...... #.##...
#.......#.#..#.#
....._.......##.#
..#.......#..# #
..#.......#.#


You could see 2 gnolls.

Vanquished Creatures
  2 adders (D:2)
  A dart slug (D:2)
  An orc (D:3)
  6 ball pythons
  3 endoplasms
  2 giant cockroaches (D:2)
  9 goblins (D:2)
  4 hobgoblins
  3 quokkas
  5 bats
  3 frilled lizards
  3 kobolds
  4 rats
46 creatures vanquished.

Notes
Turn   | Place    | Note
-------+----------+-------------------------------------------
     0 | D:1      | wildpjah the Demonspawn Berserker began the quest for the
                  | Orb.
     0 | D:1      | Reached XP level 1. HP: 18/18 MP: 1/1
   220 | D:1      | Gained mutation: You are partially covered in sharp spines.
                  | [demonic ancestry]
   220 | D:1      | Reached XP level 2. HP: 19/24 MP: 2/2
   628 | D:2      | Reached ** piety under Trog
   629 | D:2      | Reached XP level 3. HP: 29/29 MP: 3/3
   832 | D:2      | Found a faded altar of an unknown god.
   850 | D:2      | Found an opulent altar of Gozag.
  1306 | D:3      | Gained mutation: You have large cloven feet. [demonic
                  | ancestry]
  1306 | D:3      | Reached XP level 4. HP: 35/35 MP: 4/4
  1317 | D:3      | Slain by a gnoll

Illustrated notes

Levels and vault maps discovered:
D:1:      scummos_arrival_gate, layout_rooms
D:2:      layout_basic, basic_altar, shapermc_ecumenical_altar_venn,
          minmay_goblin_outpost
D:3:      layout_loops_corners, old_standard_altar, serial_shops,
          nicolae_lakefront_shop

Skill      XL: |  1  2  3 |
---------------+----------+-----
Axes           | 3 |  3.5
Dodging        | 2 |  2.4
Armour         | 2 |  2.0
Fighting       | |  3.5
Stealth        | |  0.1

Action                     |  1- 3 |  4- 6 || total
---------------------------+-------+-------++-------
  Melee: Hand axe          |    84 |     2 ||    86
         Punch             |     1 |       ||     1
 Invoke: Berserk           |       |     1 ||     1
 Armour: Animal skin       |    26 |       ||    26
         Ring mail         |    29 |     8 ||    37
  Dodge: Dodged            |    48 |     2 ||    50
